 Dungeon Crawl Stone Soup version 0.29.0-4-gdea44cf6ec (webtiles) character file.

Game seed: 7276417551958877405

936 qw the Cleaver (level 8, 0/46 HPs)
             Began as a Tengu Warper on Aug 28, 2022.
             Slain by a human zombie (5 damage)
             ... in an ossuary.
             The game lasted 00:00:32 (5407 turns).

qw the Cleaver (Tengu Warper)                       Turns: 5407, Time: 00:00:32

Health: 0/46       AC:  9    Str: 13    XL:     8   Next: 12%
Magic:  12/12      EV: 11    Int: 14    God:
Gold:   144        SH:  0    Dex: 14    Spells: 11/11 levels left

rFire   . . .      SeeInvis .   Y - +1 hand axe
rCold   . . .      Faith    .   (no shield)
rNeg    . . .      Spirit   .   a - +0 chain mail
rPois   .          Reflect  .   (helmet restricted)
rElec   .          Harm     .   (no cloak)
rCorr   .          Rampage  .   (no gloves)
Will    .....                   (boots unavailable)
Stlth   ..........              (no amulet)
HPRegen 0.95/turn               c - +4 ring of evasion
MPRegen 0.13/turn               (no ring)

@: flying quickly and evasively, quick
A: beak, talons 3, nimble flight, regeneration 1
a: no special abilities


You were in an ossuary.
You visited 1 branch of the dungeon, and saw 5 of its levels.
You also visited: Sewer and Ossuary.

You collected 221 gold pieces.
You spent 77 gold pieces at shops.


Innate Abilities, Weirdness & Mutations

You have a beak for a mouth.
You have claws for feet.
Your magical nature lets you fly swiftly and evasively.
Your natural rate of healing is unusually fast.


   Skills:
 + Level 3.5 Fighting
 - Level 9.1 Axes
 - Level 1.0 Throwing
 - Level 3.0 Armour
 - Level 2.1 Dodging
 - Level 2.0 Spellcasting
 - Level 2.4 Translocations


You had 11 spell levels left.
You didn't know any spells.
Your spell library contained the following spells:

 Spells                   Type           Power      Damage    Failure   Level
 Blink                    Tloc           16%        N/A       99%         2
 Gell's Gravitas          Tloc           8%         N/A       100%        3
 Lesser Beckoning         Tloc           8%         N/A       100%        3
 Teleport Other           Tloc           8%         N/A       100%        3
 Manifold Assault         Tloc           8%         N/A       100%        5

Inventory:

Hand Weapons
 b - a +0 flail
 Y - a +1 hand axe (weapon)
Armour
 a - a +0 chain mail (worn)
Jewellery
 c - a +4 ring of evasion (left hand)
Scrolls
 d - a scroll of identify
 j - 3 scrolls of enchant armour
Potions
 e - a potion of degeneration {unknown}
 f - a potion of brilliance {unknown}
 g - a potion of resistance
 h - a potion of haste {unknown}
 i - a potion of mutation
 k - a potion of attraction {unknown}
 m - a potion of cancellation {unknown}

Dungeon Overview and Level Annotations

Branches:
Dungeon (5/15)              Sewer (visited)         Ossuary (1/1)
 Temple: D:4-7

Altars:
Ashenzari
Vehumet
Xom

Shops:
D:2 (


Message History

The human zombie hits you but does no damage.
You hit the human zombie. You peck the human zombie.
You destroy the human zombie!
You hit the elf zombie but do no damage.
You barely miss the human zombie. x2
The elf zombie hits you.
The human zombie hits you but does no damage.
The human zombie misses you.
Your Armour skill increases to level 3!
You hit the elf zombie. Your kick misses the elf zombie.
You peck the elf zombie.
The elf zombie is severely damaged.
You hit the human zombie. x2
The elf zombie completely misses you. The human zombie closely misses you.
You closely miss the elf zombie. You claw the elf zombie!
The elf zombie is almost destroyed.
You completely miss the human zombie. You hit the human zombie.
The human zombie hits you but does no damage.
You hit the elf zombie. You claw the elf zombie.
The elf zombie is almost destroyed.
You barely miss the human zombie. You hit the human zombie.
The elf zombie barely misses you. The human zombie hits you. x2
You hit the elf zombie.
You destroy the elf zombie!
You hit the human zombie. x2
You hit the human zombie but do no damage.
You claw the human zombie.
The human zombie is severely damaged.
You hit the human zombie. The human zombie barely misses you.
The human zombie hits you.
You hit the human zombie.
The human zombie is severely damaged.
You barely miss the human zombie.
The human zombie hits you but does no damage.
The human zombie hits you.
You hit the human zombie. You claw the human zombie.
The human zombie is almost destroyed.
You hit the human zombie. The human zombie hits you.
You die...

...............
...............
...............
...............
...............
...............
.......\Z......
.......@.......
.......Z.......
...............
...............
...............
...............
...............
...............


You could see 2 human zombies.

Vanquished Creatures
  2 black bears
  An ogre (D:5)
  A centaur (D:5)
  An elf zombie (Ossuary)
  A necrophage (D:5)
  4 jellies
  2 human zombies
  An iguana (D:4)
  Terence (D:3)
  3 adders
  4 gnolls (D:4)
  3 river rats
  2 worms
  5 dart slugs
  An orc (D:5)
  7 bats
  14 endoplasms
  5 giant cockroaches
  4 hobgoblins
  4 jackals (D:3)
  9 kobolds
  6 quokkas
  16 ball pythons
  11 frilled lizards
  4 goblins
  3 goblin zombies (Ossuary)
  A jackal zombie (Ossuary)
  A kobold zombie (Ossuary)
  2 orc zombies (Ossuary)
  14 rats
  A rat zombie (Ossuary)
134 creatures vanquished.

Notes
Turn   | Place    | Note
-------+----------+-------------------------------------------
     0 | D:1      | qw the Tengu Warper began the quest for the Orb.
     0 | D:1      | Reached XP level 1. HP: 12/12 MP: 4/4
     0 | D:1      | 0 ||| qw: Version: 0.1-a-89-g26bdef1
     0 | D:1      | 0 ||| qw: Game counter: 762
     0 | D:1      | 0 ||| qw: Always use a shield: true
     0 | D:1      | 0 ||| qw: God list: Okawaru
     0 | D:1      | 0 ||| qw: Allow faded altars: false
     0 | D:1      | 0 ||| qw: Do Orc after D:15 true
     0 | D:1      | 0 ||| qw: Do second Lair branch before Depths: true
     0 | D:1      | 0 ||| qw: Lair rune preference: random
     0 | D:1      | 0 ||| qw: Plans: Normal
     0 | D:1      | 0 ||| PLANNING D:1-11
   121 | D:1      | 121 ||| Stepping ~*~*~tactically~*~*~ (stealth).
   122 | D:1      | 122 ||| Stepping ~*~*~tactically~*~*~ (stealth).
   123 | D:1      | 123 ||| Stepping ~*~*~tactically~*~*~ (stealth).
   124 | D:1      | 124 ||| Stepping ~*~*~tactically~*~*~ (stealth).
   125 | D:1      | 125 ||| Stepping ~*~*~tactically~*~*~ (stealth).
   128 | D:1      | 128 ||| Stepping ~*~*~tactically~*~*~ (stealth).
   130 | D:1      | 130 ||| Stepping ~*~*~tactically~*~*~ (stealth).
   133 | D:1      | 133 ||| Stepping ~*~*~tactically~*~*~ (stealth).
   138 | D:1      | Reached XP level 2. HP: 17/17 MP: 6/6
   138 | D:1      | 138 ||| Stepping ~*~*~tactically~*~*~ (stealth).
   139 | D:1      | 139 ||| Stepping ~*~*~tactically~*~*~ (stealth).
   140 | D:1      | 140 ||| Stepping ~*~*~tactically~*~*~ (stealth).
   142 | D:1      | 142 ||| Stepping ~*~*~tactically~*~*~ (stealth).
   144 | D:1      | 144 ||| Stepping ~*~*~tactically~*~*~ (stealth).
   149 | D:1      | Reached skill level 3 in Axes
   395 | D:1      | 395 ||| DROPPING +0 club.
   631 | D:1      | 631 ||| Stepping ~*~*~tactically~*~*~ (hiding).
   733 | D:1      | 733 ||| Stepping ~*~*~tactically~*~*~ (hiding).
   835 | D:1      | 835 ||| Stepping ~*~*~tactically~*~*~ (hiding).
  1034 | D:1      | Reached XP level 3. HP: 12/21 MP: 7/7
  1170 | D:1      | Found a faded altar of an unknown god.
  1539 | D:1      | 1539 ||| UPGRADING to +0 ring mail.
  1549 | D:1      | 1549 ||| DROPPING +0 leather armour.
  1550 | D:1      | 1550 ||| READING scroll labelled SAICEI SIUXEAP.
  1551 | D:1      | 1551 ||| READING scroll labelled WUAFYSTR VOSEGH.
  1552 | D:1      | 1552 ||| READING scroll labelled JIRILA NIECO.
  1553 | D:1      | 1553 ||| READING scroll labelled XOCWUA WOXKOFI.
  1554 | D:1      | 1554 ||| DROPPING scroll of blinking.
  1682 | D:2      | 1682 ||| Stepping ~*~*~tactically~*~*~ (hiding).
  1742 | D:2      | 1742 ||| Stepping ~*~*~tactically~*~*~ (stealth).
  1744 | D:2      | 1744 ||| Stepping ~*~*~tactically~*~*~ (stealth).
  1748 | D:2      | 1748 ||| Stepping ~*~*~tactically~*~*~ (hiding).
  1754 | D:2      | Reached skill level 4 in Axes
  1804 | D:2      | 1804 ||| Stepping ~*~*~tactically~*~*~ (stealth).
  1932 | D:2      | Found Dexoru's Antique Weapon Shoppe.
  1991 | D:2      | 1991 ||| BUYING flail (77 gold).
  1991 | D:2      | Bought a flail for 77 gold pieces
  1991 | D:2      | 1991 ||| DROPPING +0 whip.
  2051 | D:2      | 2051 ||| Stepping ~*~*~tactically~*~*~ (stealth).
  2053 | D:2      | 2053 ||| Stepping ~*~*~tactically~*~*~ (stealth).
  2069 | D:2      | 2069 ||| Stepping ~*~*~tactically~*~*~ (stealth).
  2076 | D:2      | 2076 ||| Stepping ~*~*~tactically~*~*~ (stealth).
  2077 | D:2      | 2077 ||| Stepping ~*~*~tactically~*~*~ (stealth).
  2078 | D:2      | 2078 ||| Stepping ~*~*~tactically~*~*~ (stealth).
  2104 | D:2      | Reached XP level 4. HP: 26/26 MP: 8/8
  2533 | D:2      | 2533 ||| READING scroll labelled LIUT ELIKIFUH.
  2534 | D:2      | 2534 ||| READING scroll labelled QAKKYAP EBABRA.
  2535 | D:2      | 2535 ||| READING scroll labelled OHANWO HAKHE.
  2581 | D:3      | 2581 ||| Stepping ~*~*~tactically~*~*~ (stealth).
  2626 | D:3      | Noticed Terence
  2639 | D:3      | HP: 6/26 [Terence/+0 short sword (3)]
  2640 | D:3      | Killed Terence
  2641 | D:3      | Reached skill level 5 in Axes
  2952 | D:3      | 2952 ||| Stepping ~*~*~tactically~*~*~ (hiding).
  2973 | D:3      | 2973 ||| Stepping ~*~*~tactically~*~*~ (stealth).
  2975 | D:3      | 2975 ||| Stepping ~*~*~tactically~*~*~ (stealth).
  2976 | D:3      | 2976 ||| Stepping ~*~*~tactically~*~*~ (stealth).
  3048 | D:3      | Gained mutation: Your magical nature lets you fly swiftly
                  | and evasively. [Tengu growth]
  3048 | D:3      | Reached XP level 5. HP: 27/30 MP: 9/9
  3091 | D:3      | Found a radiant altar of Vehumet.
  3135 | D:3      | Found a broken altar of Ashenzari.
  3277 | D:3      | Found a shimmering altar of Xom.
  3459 | D:3      | 3459 ||| Stepping ~*~*~tactically~*~*~ (stealth).
  3467 | D:3      | Reached skill level 6 in Axes
  3652 | D:3      | 3652 ||| UPGRADING to +0 chain mail.
  3662 | D:3      | 3662 ||| DROPPING +0 ring mail.
  3663 | D:3      | 3663 ||| DROPPING amulet of faith.
  3664 | D:3      | 3664 ||| UPGRADING to +4 ring of evasion.
  3665 | D:3      | 3665 ||| READING scroll labelled PUATSE WEGGIO.
  3766 | D:3      | 3766 ||| DRINKING 2 bubbling blue potions.
  3767 | D:3      | 3767 ||| DROPPING potion of flight.
  3816 | D:4      | 3816 ||| PLANNING SEWER
  4101 | D:4      | Found a glowing drain.
  4102 | D:4      | 4102 ||| Stepping ~*~*~tactically~*~*~ (stealth).
  4114 | D:4      | 4114 ||| DRINKING 2 smoky black potions.
  4124 | Sewer    | Entered a sewer
  4157 | Sewer    | Reached XP level 6. HP: 35/35 MP: 10/10
  4463 | Sewer    | Reached skill level 7 in Axes
  4689 | Sewer    | Found a viscous altar of Jiyva.
  4744 | Sewer    | 4744 ||| DRINKING 2 fizzy black potions.
  4745 | Sewer    | 4745 ||| DRINKING 2 fizzy dark potions.
  4745 | Sewer    | Gained mutation: Your natural rate of healing is unusually
                  | fast. [potion of mutation]
  4749 | D:4      | 4749 ||| PLANNING D:1-11
  4846 | D:4      | Identified the +4 quarterstaff "Foeveud" {freeze, Will+
                  | rCorr}
  4892 | D:4      | 4892 ||| Stepping ~*~*~tactically~*~*~ (stealth).
  4893 | D:4      | 4893 ||| Stepping ~*~*~tactically~*~*~ (stealth).
  4898 | D:4      | Noticed a black bear
  4906 | D:4      | HP: 6/36 [gnoll/+0 club (8)]
  4907 | D:4      | 4907 ||| DRINKING 2 potions of heal wounds.
  4909 | D:4      | Reached skill level 3 in Fighting
  4920 | D:4      | HP: 9/37 [black bear (3)]
  4921 | D:4      | 4921 ||| DRINKING potion of heal wounds.
  4923 | D:4      | Killed a black bear
  4924 | D:4      | Reached XP level 7. HP: 25/41 MP: 11/11
  4942 | D:4      | You are sucked into a shaft and drop 1 floor!
  4942 | D:5      | Entered Level 5 of the Dungeon
  4943 | D:5      | 4943 ||| PLANNING OSSUARY
  4979 | D:5      | 4979 ||| Stepping ~*~*~tactically~*~*~ (hiding).
  4988 | D:5      | Reached skill level 8 in Axes
  5233 | D:5      | 5233 ||| Stepping ~*~*~tactically~*~*~ (hiding).
  5288 | D:5      | 5288 ||| Stepping ~*~*~tactically~*~*~ (stealth).
  5314 | D:5      | 5314 ||| FLEEEEING.
  5315 | D:5      | 5315 ||| FLEEEEING.
  5316 | D:5      | 5316 ||| FLEEEEING.
  5317 | D:5      | 5317 ||| FLEEEEING.
  5325 | D:5      | Reached skill level 9 in Axes
  5340 | D:5      | Found a sand-covered staircase.
  5341 | D:5      | 5341 ||| READING scroll labelled QIBRESEGIMN.
  5378 | Ossuary  | Entered an ossuary
  5389 | Ossuary  | Reached XP level 8. HP: 44/46 MP: 12/12
  5401 | Ossuary  | Reached skill level 3 in Armour
  5405 | Ossuary  | HP: 8/46 [human zombie (5)]
  5407 | Ossuary  | Slain by a human zombie

Levels and vault maps discovered:
D:1:      matt_arrival_spirals, layout_basic,
          shapermc_ecumenical_altar_mp_vishouse, serial_forest,
          infiniplex_forest_clump_tiny, infiniplex_forest_zigzag_1,
          infiniplex_forest_lined_room_2, infiniplex_forest_corner_1,
          infiniplex_forest_end_3, infiniplex_forest_end_1,
          infiniplex_forest_straight_4, infiniplex_forest_lined_4_way
D:2:      minmay_angry_zag, layout_basic, serial_shops, shop, minmay_lizard_pond
D:3:      layout_basic, overflow_temple_1_default,
          mainiacjoe_overflow_catch_the_wave, hangedman_decor_push, uniq_terence
D:4:      layout_rooms, minmay_temple_entry_glassed_door, portal_sewer_entry_b
D:5:      layout_loops_corners, enter_ossuary_3, uniq_pikel
Ossuary:  ossuary_minmay_tomb_2a

Skill      XL: |  1  2  3  4  5  6  7  8 |
---------------+-------------------------+-----
Axes           | 3 4 5 6 7 9 |  9.1
Armour         | 2 3 |  3.0
Fighting       | 3 |  3.5
Throwing       | |  1.0
Dodging        | |  2.1
Spellcasting   | |  2.0
Translocations | |  2.4

Action                   |  1- 3 |  4- 6 |  7- 9 || total
-------------------------+-------+-------+-------++-------
Melee: Hand axe          |    77 |   176 |    71 ||   324
       Kick              |    19 |    55 |    29 ||   103
       Peck              |    10 |    28 |    10 ||    48
       Punch             |       |     3 |     2 ||     5
Throw: Boomerang         |     7 |       |       ||     7
  Use: Scroll            |     4 |     4 |     1 ||     9
       Potion            |       |     6 |       ||     6
Armor: Leather armour    |     8 |       |       ||     8
       Ring mail         |    12 |    19 |       ||    31
       Chain mail        |       |    48 |    39 ||    87
Dodge: Dodged            |    33 |    90 |    41 ||   164

Table legend:
 A = Non-vault XP
 B = Vault XP
 C = Vault XP percentage of total XP
 D = Non-vault monster count
 E = Vault monster count
 F = Vault count percentage of total count
                 A         B        C        D         E       F
            +---------+---------+-------+---------+---------+-------
      Total |     891 |     447 |  33.4 |      84 |      50 |  37.3
            +---------+---------+-------+---------+---------+-------
        D:1 |      35 |       0 |   0.0 |      22 |       0 |   0.0
        D:2 |      45 |      14 |  23.7 |      22 |       9 |  29.0
        D:3 |     107 |      36 |  25.2 |      22 |       1 |   4.3
        D:4 |     230 |      34 |  12.9 |      11 |       7 |  38.9
        D:5 |     474 |      41 |   8.0 |       7 |       1 |  12.5
      Sewer |       0 |     180 | 100.0 |       0 |      22 | 100.0
    Ossuary |       0 |     142 | 100.0 |       0 |      10 | 100.0
            +---------+---------+-------+---------+---------+-------
